 Dungeon Crawl Stone Soup version 0.31-a0-204-g7da18cac08 (webtiles) character file.

Game seed: 3521800184244650287

249 lunkers the Cudgeller (level 6, -10/47 HPs)
             Began as a Meteoran Wanderer on June 27, 2023.
             Mangled by a troll (11 damage)
             ... on level 5 of the Dungeon.
             The game lasted 00:04:34 (1129 turns).

lunkers the Cudgeller (Meteoran Wanderer)           Turns: 1129, Time: 00:04:34

Health: -10/47     AC:  7    Str: 14    XL:     6   Next: 62%
Magic:  10/10      EV: 11    Int: 14    God:
Gold:   108        SH:  0    Dex: 15    Spells: 5/9 levels left

rFire   . . .        a - +7 great mace "Undeadhunter" {deathbane, rN+}
rCold   . . .        (shield currently unavailable)
rNeg    + . .        o - +3 leather armour of Dogma {Fly Stlth+}
rPois   .            (no helmet)
rElec   .            (no cloak)
rCorr   .            (no gloves)
SInv    .            b - +0 pair of boots
Will    .....        (no amulet)
Stlth   +            (no ring)
HPRegen 0.27/turn    (no ring)
MPRegen 0.12/turn

%: no passive effects
@: flying, glowing
A: sense surroundings 1, otherworldly, glowing, explore regen
a: no special abilities


You were on level 5 of the Dungeon.
You visited 1 branch of the dungeon, and saw 5 of its levels.

You collected 108 gold pieces.

Inventory:

Hand Weapons
 a - the +7 great mace "Undeadhunter" (weapon) {deathbane, rN+}
   (You found it on level 2 of the Dungeon)

   rN:        It protects you from negative energy.
 i - a +2 dagger of venom
 j - a +2 hand axe
Missiles
 g - 3 curare-tipped darts
Armour
 b - a +0 pair of boots (worn)
 o - the +3 leather armour of Dogma (worn) {Fly Stlth+}
   (You found it on level 3 of the Dungeon)

   Fly:       It grants you flight.
   Stlth:     It makes you more stealthy.
Jewellery
 h - an amulet of faith
Scrolls
 c - a scroll of vulnerability
 d - a scroll of enchant armour {unknown}
 e - a scroll of amnesia
Potions
 f - a potion of invisibility {unknown}
 m - 2 potions of curing
 n - a potion of haste {unknown}


   Skills:
 - Level 1.1 Fighting
 - Level 3.6(5.3) Axes
 + Level 6.6(7.1) Maces & Flails
 - Level 1.2 Dodging
 - Level 2.1 Stealth
 - Level 2.3 Spellcasting
 - Level 2.6 Necromancy


You had 5 spell levels left.
You knew the following spells:

 Your Spells              Type           Power      Damage    Failure   Level
b - Vampiric Draining     Necr           9%         2d6       30%         3
p - Necrotise             Necr           36%        1d5       10%         1

Your spell library contained the following spells:

 Spells                   Type           Power      Damage    Failure   Level
 Ensorcelled Hibernation  Hex/Ice        2%         N/A       41%         2
 Passwall                 Tmut/Erth      0%         N/A       41%         2
 Swiftness                Air            1%         N/A       65%         3
 Anguish                  Hex/Necr       2%         N/A       86%         4
 Cause Fear               Hex            0%         N/A       96%         4
 Enfeeble                 Hex            0%         N/A       100%        7


Dungeon Overview and Level Annotations

Branches:
Dungeon (5/15) Zot: 1853
 Temple: D:4-7

Altars:
Uskayaw


Innate Abilities, Weirdness & Mutations

You passively map a small area around you.
You are easily found by Zot.
You glow in the dark.
You regain HP and MP as you explore.


Message History

Where to? (Enter - D:4, ? - help)
What level of the Dungeon? (default 1, ? - help)
You see here a hobgoblin corpse.
There is an open door here.
There is a stone staircase leading down here.
You fly downwards.
You hear the hiss of flowing sand.
There is an entrance to an ossuary on this level.
Hurry and find it before the portal is buried!
Found 8 gold pieces.
There is a stone staircase leading up here.
Found a stone staircase leading up.
The dart slug launches a dart at you.
The slug dart hits you but does no damage.
Found 9 gold pieces.
The helpless troll fails to defend itself.
You sock the troll!
The troll is moderately wounded.
The troll bites you but does no damage. The troll claws you but does no damage.
The troll claws you!
The dart slug briefly extends its eye-stalks.
You thump the troll!
The troll is moderately wounded.
The troll bites you!
* * * LOW HITPOINT WARNING * * *
The troll claws you!
* * * LOW HITPOINT WARNING * * *
The troll claws you.
* * * LOW HITPOINT WARNING * * *
You sock the troll!
The troll is severely wounded.
The troll misses you. The troll claws you.
* * * LOW HITPOINT WARNING * * *
The troll claws you but does no damage. The troll closely misses you.
The troll claws you but does no damage. The troll claws you.
* * * LOW HITPOINT WARNING * * *
You sock the troll!
The troll is almost dead.
The dart slug bites you but does no damage.
The troll bites you!
You die...

.# *, * , ,
#.# ,* ,
...,, *
##.##* ** * *
* * #...# *
#######...# *
#.........# ,
, ,*
*#<.######...
#...@.......
,
#..♣wT..#..$
*
#...........
,
*#....<.♣..##
* .$.......##
* *
.###♣....## ,
*#. ....## ,
. #..## * ,


You could see a troll and a dart slug.

Vanquished Creatures
  Menkaure (D:4)
  A jelly (D:4)
  An iguana (D:2)
  Jessica (D:2)
  3 dart slugs
  2 endoplasms
  A giant cockroach (D:1)
  5 goblins
  6 hobgoblins
  2 quokkas (D:1)
  A ball python (D:2)
  3 bats
  5 frilled lizards
  7 kobolds
  2 rats
41 creatures vanquished.

Notes
Turn   | Place    | Note
-------+----------+-------------------------------------------
     0 | D:1      | lunkers the Meteoran Wanderer began the quest for the Orb.
     0 | D:1      | lunkers set off with the following items: a +2 hand axe, a
                  | +0 pair of boots, a scroll of vulnerability, a +0 leather
                  | armour; and the following spell memorised: Necrotise; and
                  | the following spells available to memorise: Vampiric
                  | Draining.
     0 | D:1      | Reached XP level 1. HP: 16/16 MP: 3/3
    79 | D:1      | Reached XP level 2. HP: 23/23 MP: 1/5
   301 | D:1      | Reached XP level 3. HP: 28/28 MP: 3/7
   310 | D:1      | Learned a level 3 spell: Vampiric Draining
   328 | D:2      | Found the +7 great mace "Undeadhunter" {deathbane, rN+}
   425 | D:2      | Found a faded altar of an unknown god.
   436 | D:2      | Reached skill level 1 in Maces & Flails
   486 | D:2      | Noticed Jessica
   497 | D:2      | Reached skill level 2 in Maces & Flails
   497 | D:2      | Reached XP level 4. HP: 27/35 MP: 5/8
   507 | D:2      | Killed Jessica
   508 | D:2      | Reached skill level 3 in Maces & Flails
   508 | D:2      | Reached XP level 5. HP: 25/40 MP: 6/9
   643 | D:3      | Identified the +3 leather armour of Dogma {Fly Stlth+}
   793 | D:4      | Noticed Menkaure
   799 | D:4      | Killed Menkaure
   800 | D:4      | Reached skill level 6 in Maces & Flails
   800 | D:4      | Reached XP level 6. HP: 47/47 MP: 10/10
  1024 | D:4      | Found a hide-covered altar of Uskayaw.
  1122 | D:5      | Entered Level 5 of the Dungeon
  1122 | D:5      | Noticed a troll
  1128 | D:5      | HP: 2/47 [troll (2)]
  1129 | D:5      | Mangled by a troll

Illustrated notes

Levels and vault maps discovered:
D:1:      lemuel_arrival_behind_the_door_large, layout_basic,
          kennysheep_minor_cross
D:2:      layout_rooms, hellmonk_ecumenical_altar_inner_sanctum, uniq_jessica
D:3:      layout_loops_cross
D:4:      layout_gridville, mainiacjoe_overflow_small_starburst,
          dreamdust_mushroom_princess, uniq_menkaure, uniq_crazy_yiuf_cottage
D:5:      minmay_chambers_of_threes, layout_loops_cross,
          nicolae_ossuary_entry_false_entrances, grunt_ministairs_1,
          uniq_edmund, uniq_grinder, uniq_sigmund, uniq_ijyb

Skill      XL: |  1  2  3  4  5 |
---------------+----------------+-----
Necromancy     | 2 |  2.6
Spellcasting   | 2 |  2.3
Maces & Flails | 2 3 6 |  6.6
Fighting       | |  1.1
Axes           | |  3.6
Dodging        | |  1.2
Stealth        | |  2.1

Action                     |  1- 3 |  4- 6 || total
---------------------------+-------+-------++-------
  Melee: Hand axe          |    19 |       ||    19
         Great mace        |    13 |    21 ||    34
   Cast: Necrotise         |    38 |     8 ||    46
    Use: Scroll            |       |     6 ||     6
   Stab: Distracted        |     1 |       ||     1
         Sleeping          |       |     1 ||     1
 Armour: Leather armour    |    14 |    13 ||    27
  Dodge: Dodged            |    25 |     5 ||    30

Table legend: (Time is in decaauts)
 A = Elapsed time spent in this place.
 B = Non-inter-level travel time spent in this place.
 C = Inter-level travel time spent in this place.
 D = Time resting spent in this place.
 E = Time spent auto-exploring this place.
 F = Levels seen in this place.
 G = Mean time per level.
                   A        B        C        D        E       F      G
               +--------+--------+--------+--------+--------+-----+--------+
         Total |   1145 |   1070 |     75 |      0 |    708 |   5 |  229.0 |
       Dungeon |   1145 |   1070 |     75 |      0 |    708 |   5 |  229.0 |
               +--------+--------+--------+--------+--------+-----+--------+

Top non-repeatable levels by time:
     D:4: 375 daAuts
     D:1: 320 daAuts
     D:2: 259 daAuts
     D:3: 183 daAuts
     D:5: 7 daAuts
